[Event "Titled Tuesday Blitz February 07 Early 2023"]
[White "Alex_Sahakyan2006"]
[Black "Remizov, Yaroslav"]
[BlackFideId "34134015"]
[WhiteElo "2712"]
[BlackElo "2421"]
[Result "1-0"]
[Round "08"]
[TimeControl "180+2"]
[Date "2023.02.07"]
[WhiteClock "0:00:15"]
[BlackClock "0:00:20"]

1. e4 c6 2. d4 d5 3. Nc3 dxe4 4. Nxe4 Bf5 5. Ng3 Bg6 6. h4 h6 7. h5 Bh7 8. Nf3 e6 9. Bd3 Bxd3 10. Qxd3 Nf6 11. Bd2 c5 12. Ne4 Nc6 13. Nxf6+ gxf6 14. Be3 cxd4 15. Nxd4 Nxd4 16. Bxd4 e5 17. Qb5+ Qd7 18. Qxd7+ Kxd7 19. Bc3 Rg8 20. g3 Ke6 21. O-O-O Bc5 22. Rd2 Rgd8 23. Re2 Kf5 24. Bd2 Bf8 25. f3 Rd5 26. g4+ Ke6 27. Rhe1 Rad8 28. f4 b5 29. a3 a6 30. Bc3 Bg7 31. Re4 Rc8 32. a4 Rc4 33. axb5 axb5 34. Rxc4 bxc4 35. Re4 Rc5 36. Kd2 Kd5 37. Re1 exf4 38. Re7 Bf8 39. Rxf7 Bd6 40. Rxf6 Rc8 41. Rxh6 Bc5 42. Ke2 Re8+ 43. Kf3 Bg1 44. Rf6 Bh2 45. Rf5+ Kc6 46. Bd2 Bg1 47. Bxf4 Bc5 48. h6 Re1 49. h7 Bd4 50. Rh5 Rf1+ 51. Ke4 Bxb2 52. Be5 Re1+ 53. Kf4 Rf1+ 54. Kg3 Bxe5+ 55. Rxe5 Rf8 56. Re7 Kd6 57. Rg7 Ke6 58. Rg8 Rf7 59. h8=Q c3 60. Re8+ Kd5 61. Qxc3 Rd7 62. Qd3+ Kc6 63. Qxd7+ Kxd7 64. Re3 Kd6 65. Kf4 Kd5 66. g5 Kd4 67. g6 Kc4 68. g7 Kd4 69. g8=Q Kc5 70. Rd3 Kb4 71. Qb3+ Kc5 72. Rd5+ Kc6 73. Qb5+ Kc7 74. Rd7+ 1-0


[Site "https://www.chess.com"]

[Event "Titled Tuesday Blitz February 07 Early 2023"]
[White "Shimanov, Aleksandr"]
[Black "Talibov, Shiroghlan"]
[WhiteFideId "4198603"]
[BlackFideId "13429078"]
[WhiteElo "2581"]
[BlackElo "2359"]
[Result "0-1"]
[Round "08"]
[TimeControl "180+2"]
[Date "2023.02.07"]
[WhiteClock "0:00:04"]
[BlackClock "0:00:07"]

1. e4 Nf6 2. Nc3 d5 3. e5 Nfd7 4. d4 c5 5. f4 cxd4 6. Nb5 e6 7. Nxd4 Nc6 8. Ngf3 a6 9. c3 Qc7 10. Bd3 b5 11. O-O Be7 12. Be3 Bb7 13. Rc1 g6 14. Kh1 h5 15. a4 Nxd4 16. cxd4 Qb6 17. axb5 axb5 18. Qe2 O-O 19. Ng5 Bxg5 20. fxg5 Rac8 21. Rcd1 Rc4 22. Rf4 b4 23. Rdf1 Ba6 24. Qf2 Rcc8 25. Bxa6 Qxa6 26. Rxf7 Qd3 27. h3 Qe4 28. Kh2 b3 29. Kh1 Qd3 30. Qf3 Qc2 31. Rf2 Qxf2 32. Qxf2 Rxf7 33. Qd2 Rc2 34. Qd3 Nf8 35. Qxb3 Re2 36. Qd3 Rxb2 37. Kh2 Rc7 38. Qf1 Rcc2 39. Qf3 Rxg2+ 40. Qxg2 Rxg2+ 41. Kxg2 Kf7 42. Kf3 Nd7 43. Ke2 Nb6 44. Kd3 Ke7 45. Kc3 Kd7 46. Kb4 Kc6 47. Bf4 Nc4 48. Bc1 Nb6 49. Bf4 Nc8 50. Be3 Ne7 51. Ka5 Nf5 52. Bf2 Ne7 53. Be3 Nc8 54. Kb4 Kb6 55. Ka4 Ne7 56. Kb4 Nc6+ 57. Ka4 Na5 58. Kb4 Nc4 59. Bc1 Kc6 60. Ka4 Nb6+ 61. Kb4 Nc8 62. Bf4 Kb6 63. Be3 Na7 64. Bd2 Nc6+ 65. Kc3 Kb5 66. Be3 Nb4 67. Bf2 Ka4 68. Be3 Nc6 69. Bf2 Na7 70. Be3 Nb5+ 71. Kd3 Kb4 72. Bd2+ Kb3 73. Be3 Na7 74. Bd2 Nc6 75. Ke3 Nb4 76. Bc1 Kc4 77. Bb2 Nc2+ 78. Kf4 Nxd4 79. Ba3 Nf5 80. Bf8 Kd3 81. Kf3 d4 82. Kf2 Kc2 83. Bb4 d3 84. Kf3 d2 85. Bxd2 Kxd2 86. Ke4 Kc3 0-1


[Site "https://www.chess.com"]

[Event "Titled Tuesday Blitz February 07 Early 2023"]
[White "Sychev, Klementy"]
[Black "Maximov, Dmitry"]
[WhiteFideId "4114060"]
[BlackFideId "14105659"]
[WhiteElo "2547"]
[BlackElo "2497"]
[Result "1-0"]
[Round "08"]
[TimeControl "180+2"]
[Date "2023.02.07"]
[WhiteClock "0:02:02"]
[BlackClock "0:01:10"]

1. e4 c5 2. Nf3 d6 3. d4 cxd4 4. Nxd4 Nf6 5. Nc3 a6 6. Bg5 Nbd7 7. Bc4 Qc7 8. Qe2 h6 9. Bxf6 Nxf6 10. O-O-O e6 11. f4 Be7 12. e5 dxe5 13. fxe5 Nd7 14. Bxe6 Nxe5 15. Nd5 Qd6 16. Nf5 Qb8 17. Bxc8 Bg5+ 18. Kb1 O-O 19. h4 Bd8 20. Rhe1 f6 21. Nfe7+ Kh8 22. Bf5 Bxe7 23. Nxe7 Qc7 24. Ng6+ Nxg6 25. Bxg6 Rac8 26. Qg4 Rcd8 27. Bf5 1-0


[Site "https://www.chess.com"]

[Event "Titled Tuesday Blitz February 07 Early 2023"]
[White "Bachmann, Axel"]
[Black "Salimova, Nurgyul"]
[WhiteFideId "3700488"]
[BlackFideId "2915138"]
[WhiteElo "2604"]
[BlackElo "2391"]
[Result "1-0"]
[Round "08"]
[TimeControl "180+2"]
[Date "2023.02.07"]
[WhiteClock "0:00:44"]
[BlackClock "0:00:01"]

1. e4 e5 2. Bc4 Nf6 3. d3 c6 4. Nf3 d5 5. Bb3 Bd6 6. Nc3 h6 7. exd5 cxd5 8. Bxd5 Nxd5 9. Nxd5 O-O 10. Ne3 Nc6 11. O-O f5 12. Re1 e4 13. dxe4 fxe4 14. Qd5+ Kh8 15. Qxe4 Rf4 16. Qd3 Rxf3 17. gxf3 Nd4 18. Nc4 Bf5 19. Re4 Bxe4 20. Qxe4 Rc8 21. Nxd6 Qxd6 22. c3 Ne6 23. Be3 b5 24. Re1 Rc4 25. Qg6 Rh4 26. f4 h5 27. f3 Qd5 28. Bd4 Qxf3 29. Qh6+ Kg8 30. Qxe6+ Kh7 31. Qf5+ Kg8 32. Re8# 1-0


[Site "https://www.chess.com"]

[Event "Titled Tuesday Blitz February 07 Early 2023"]
[White "Shipov, Sergei"]
[Black "Madaminov, Mukhiddin"]
[WhiteFideId "4113624"]
[BlackFideId "14210703"]
[WhiteElo "2541"]
[BlackElo "2422"]
[Result "0-1"]
[Round "08"]
[TimeControl "180+2"]
[Date "2023.02.07"]
[WhiteClock "0:00:18"]
[BlackClock "0:00:06"]

1. d4 Nf6 2. c4 g6 3. Nc3 d5 4. Nf3 Bg7 5. cxd5 Nxd5 6. Na4 Bf5 7. Nh4 Bc8 8. e4 Nb6 9. Nf3 O-O 10. Be2 Nxa4 11. Qxa4 c5 12. dxc5 Nd7 13. Qa3 Qc7 14. Be3 Nf6 15. Nd2 Ng4 16. Bxg4 Bxg4 17. O-O Rfd8 18. Rac1 Qc6 19. Rfe1 h5 20. h3 Be6 21. Nf3 Qxe4 22. Ng5 Qc6 23. Nxe6 Qxe6 24. Bg5 Qf5 25. Bxe7 Rd2 26. Qf3 Qxf3 27. gxf3 Bd4 28. Bh4 Rxb2 29. Rb1 Rxa2 30. Rxb7 Bxc5 31. Rd1 Ra4 32. Bf6 Rf4 33. Bg5 Rxf3 34. Rdd7 Rg3+ 35. Kf1 Rxg5 36. Rxf7 Bd4 37. Rfd7 Bf6 38. Rd6 Rf5 39. Ra6 h4 40. Kg2 g5 41. Rd7 Kf8 42. Rb7 Re8 43. Raxa7 Re7 44. Rxe7 Bxe7 45. Ra6 Kf7 46. f3 Rf4 47. Rc6 Bf6 48. Kf2 Bd4+ 49. Ke2 Rf5 50. Kd3 Bg1 51. Ke2 Bh2 52. Ke3 Bf4+ 53. Ke4 Re5+ 54. Kd4 Re3 0-1


[Site "https://www.chess.com"]

[Event "Titled Tuesday Blitz February 07 Early 2023"]
[White "Bilych, Olexiy"]
[Black "Makarian, Rudik"]
[WhiteFideId "14156504"]
[BlackFideId "44105681"]
[WhiteElo "2441"]
[BlackElo "2545"]
[Result "0-1"]
[Round "08"]
[TimeControl "180+2"]
[Date "2023.02.07"]
[WhiteClock "0:00:02"]
[BlackClock "0:00:06"]

1. d4 Nf6 2. c4 e6 3. Nc3 Bb4 4. e3 O-O 5. Nf3 Bxc3+ 6. bxc3 d6 7. Bd3 e5 8. dxe5 dxe5 9. Nxe5 Qe7 10. Nf3 Rd8 11. Qc2 Bg4 12. Nd4 c5 13. h3 Bh5 14. Ne2 Rxd3 15. Qxd3 Nc6 16. Nf4 Rd8 17. Nd5 Qe6 18. O-O Nxd5 19. cxd5 Rxd5 20. Qc4 Bf3 21. Qf4 Rf5 22. Qg3 Rf6 23. e4 Ne5 24. Bf4 Rg6 25. Bxe5 Rxg3 26. Bxg3 Bxe4 27. Rfe1 Qg6 28. Rad1 h5 29. Rd8+ Kh7 30. h4 Bc6 31. Re5 f6 32. Re3 Qb1+ 33. Kh2 Qxa2 34. Rc8 Qd5 35. f3 Qd2 36. Bf4 Qc2 37. Rc7 a5 38. Ree7 Qg6 39. Bd6 a4 40. Bxc5 Kh8 41. Rc8+ Kh7 42. Rcc7 Kh8 43. Rf7 Qf5 44. Bd6 a3 45. Bxa3 Qf4+ 46. Kh3 Bxf3 0-1


[Site "https://www.chess.com"]

[Event "Titled Tuesday Blitz February 07 Early 2023"]
[White "Kozak, Adam"]
[Black "Beerdsen, Thomas"]
[WhiteFideId "753246"]
[BlackFideId "1030108"]
[WhiteElo "2572"]
[BlackElo "2507"]
[Result "1-0"]
[Round "08"]
[TimeControl "180+2"]
[Date "2023.02.07"]
[WhiteClock "0:00:37"]
[BlackClock "0:01:22"]

1. c4 e5 2. Nc3 Nf6 3. Nf3 e4 4. Ng5 c6 5. Ngxe4 Nxe4 6. Nxe4 d5 7. cxd5 cxd5 8. Ng3 h5 9. e3 h4 10. Ne2 Nc6 11. d4 Qf6 12. Nc3 Bd6 13. h3 Qg6 14. a3 Bf5 15. Qf3 O-O 16. Be2 Rfe8 17. O-O Rad8 18. Qh5 Qe6 19. Qxh4 Bb8 20. Bg4 Bxg4 21. Qxg4 f5 22. Qh5 Ne7 23. f4 g6 24. Qf3 Kf7 25. Bd2 Ng8 26. Rfe1 Nf6 27. Re2 a6 28. Be1 Rh8 29. Rc1 Rdg8 30. Bg3 Bd6 31. Rec2 Ne4 32. Nxe4 dxe4 33. Qf2 g5 34. fxg5 Rxg5 35. Bf4 Bxf4 36. Qxf4 Rhg8 37. Rc7+ Kg6 38. h4 Rg4 39. h5+ Kf6 40. Qh6+ 1-0


[Site "https://www.chess.com"]

[Event "Titled Tuesday Blitz February 07 Early 2023"]
[White "Zhigalko, Sergei"]
[Black "Lianes Garcia, Marcos"]
[WhiteFideId "13502956"]
[BlackFideId "32060777"]
[WhiteElo "2572"]
[BlackElo "2411"]
[Result "1/2-1/2"]
[Round "08"]
[TimeControl "180+2"]
[Date "2023.02.07"]
[WhiteClock "0:00:24"]
[BlackClock "0:01:30"]

1. e4 g6 2. d4 Bg7 3. Nc3 c5 4. dxc5 Bxc3+ 5. bxc3 Qa5 6. Qd4 Nf6 7. Qb4 Qc7 8. Nf3 Nc6 9. Qa4 Ne5 10. Be3 Neg4 11. Qd4 e5 12. Qd3 Nxe3 13. Qxe3 Ng4 14. Qd2 Qxc5 15. Bd3 d6 16. O-O Be6 17. Rfb1 b6 18. a4 Rc8 19. a5 O-O 20. axb6 axb6 21. Ra6 Qxc3 22. Qxc3 Rxc3 23. h3 Nf6 24. Rbxb6 Bc4 25. Bxc4 Rxc4 26. Rxd6 Nxe4 27. Rdc6 Rc8 28. Rxc4 Rxc4 1/2-1/2


[Site "https://www.chess.com"]

[Event "Titled Tuesday Blitz February 07 Early 2023"]
[White "Harsha Bharathakoti"]
[Black "Costachi, Mihnea"]
[WhiteFideId "5078776"]
[BlackFideId "1217518"]
[WhiteElo "2602"]
[BlackElo "2476"]
[Result "1-0"]
[Round "08"]
[TimeControl "180+2"]
[Date "2023.02.07"]
[WhiteClock "0:00:01"]
[BlackClock "0:00:01"]

1. Nf3 d5 2. b3 c5 3. Bb2 Nc6 4. e3 Nf6 5. Bb5 g6 6. Bxc6+ bxc6 7. d3 Bg7 8. Nbd2 O-O 9. O-O Re8 10. a4 Nh5 11. Bxg7 Nxg7 12. Re1 e5 13. e4 f6 14. Nf1 Be6 15. Qd2 a5 16. Ng3 Qd7 17. Qh6 c4 18. dxc4 dxc4 19. Red1 Qe7 20. bxc4 Bxc4 21. h3 Red8 22. Rxd8+ Rxd8 23. Rb1 Ne6 24. Nf1 Nf4 25. Ne3 Be6 26. h4 Ne2+ 27. Kh2 Nc3 28. Rb6 Qc7 29. Ra6 Nxe4 30. h5 Nc5 31. hxg6 e4+ 32. Kg1 Nxa6 33. gxh7+ Qxh7 34. Qxf6 Re8 35. Ng5 Qg7 36. Qf4 Nc5 37. c4 Nd3 38. Qh4 Ne5 39. Qf4 Rf8 40. Qg3 Bd7 41. Qh4 Ng6 42. Qxe4 Nf4 43. Nf3 Bh3 44. g3 Bg4 45. Ne5 1-0


[Site "https://www.chess.com"]

[Event "Titled Tuesday Blitz February 07 Early 2023"]
[White "Pakleza, Zbigniew"]
[Black "Dehtiarov, Roman"]
[WhiteFideId "1119290"]
[BlackFideId "14186640"]
[WhiteElo "2494"]
[BlackElo "2289"]
[Result "0-1"]
[Round "08"]
[TimeControl "180+2"]
[Date "2023.02.07"]
[WhiteClock "0:00:03"]
[BlackClock "0:00:03"]

1. d4 Nf6 2. Nf3 d5 3. Bf4 c5 4. c3 Nc6 5. Nbd2 Qb6 6. Qb3 c4 7. Qc2 Nh5 8. Bg3 g6 9. e4 e6 10. Be2 Nxg3 11. hxg3 Bg7 12. O-O O-O 13. Rfe1 Bd7 14. Rab1 Rac8 15. Nf1 Qc7 16. exd5 exd5 17. Ne3 Be6 18. Ng5 Qe7 19. Nh3 Bh6 20. Nf4 Qd6 21. Bf3 Ne7 22. Qd2 b5 23. a3 a5 24. Ra1 Bxf4 25. gxf4 h5 26. g3 b4 27. axb4 axb4 28. Ra5 bxc3 29. bxc3 Rb8 30. f5 Nxf5 31. Nxf5 Bxf5 32. Rxd5 Qf6 33. Qf4 Rfe8 34. Rxe8+ Rxe8 35. Rc5 Re1+ 36. Kg2 Qe7 37. Rxc4 Bd3 38. Rc7 Qe6 39. Kh2 Bf1 40. Qh4 Be2 41. Bg2 Bf1 42. d5 Qe5 43. Qd8+ Kg7 44. d6 Bxg2 45. Rc8 Rh1+ 46. Kxg2 Qe4+ 47. f3 Qe2+ 48. Kxh1 Qf1+ 49. Kh2 Qf2+ 0-1


[Site "https://www.chess.com"]

[Event "Titled Tuesday Blitz February 07 Early 2023"]
[White "Fiorito, Joaquin"]
[Black "Vakhlamov, Igor L."]
[WhiteFideId "180173"]
[BlackFideId "24126748"]
[WhiteElo "2405"]
[BlackElo "2413"]
[Result "1/2-1/2"]
[Round "08"]
[TimeControl "180+2"]
[Date "2023.02.07"]
[WhiteClock "0:00:03"]
[BlackClock "0:00:28"]

1. d4 d5 2. Nc3 Nf6 3. Bf4 a6 4. e3 c5 5. dxc5 e6 6. Nf3 Bxc5 7. Bd3 b5 8. O-O Bb7 9. a3 O-O 10. Qe2 Nbd7 11. e4 dxe4 12. Nxe4 Nxe4 13. Bxe4 Bxe4 14. Qxe4 Nf6 15. Qe2 Rc8 16. c3 Nd5 17. Be5 Qb6 18. Rad1 Rfd8 19. h4 h6 20. Qe4 Bd6 21. Bd4 Bc5 22. g3 a5 23. Be5 Bd6 24. Kg2 Bxe5 25. Nxe5 Rc7 26. Rd4 Rdc8 27. Rfd1 Qb7 28. a4 bxa4 29. c4 f5 30. Qf3 Nf6 31. Ra1 Qxf3+ 32. Kxf3 Rc5 33. Ng6 Rxc4 34. Rd6 Kf7 35. Ne5+ Ke7 36. Nxc4 Rxc4 37. Ra6 Rb4 38. Rxa5 Rb3+ 39. Kg2 Rxb2 40. R5xa4 Ne4 41. R4a2 Rxa2 42. Rxa2 g5 43. hxg5 hxg5 44. f3 Nf6 45. Kf2 g4 46. Ra7+ Kd6 47. Ra6+ Kd5 48. f4 Ne4+ 49. Kg2 Nc5 50. Ra8 Ne4 51. Rd8+ Kc6 52. Rd1 Kc5 53. Rd3 Kc4 54. Rd8 Kc5 55. Re8 Kd5 56. Rd8+ Kc5 57. Rc8+ Kd5 58. Rc2 Kd6 59. Rc4 Kd5 60. Rc8 Kd6 61. Rd8+ Kc5 1/2-1/2


[Site "https://www.chess.com"]

[Event "Titled Tuesday Blitz February 07 Early 2023"]
[White "Ahmadzada, Ahmad"]
[Black "Megalios, Konstantinos"]
[WhiteFideId "13413007"]
[BlackFideId "4238044"]
[WhiteElo "2488"]
[BlackElo "2372"]
[Result "1/2-1/2"]
[Round "08"]
[TimeControl "180+2"]
[Date "2023.02.07"]
[WhiteClock "0:00:04"]
[BlackClock "0:00:15"]

1. Nf3 Nf6 2. g3 b6 3. Bg2 Bb7 4. O-O g6 5. Re1 Bg7 6. d3 d5 7. Nfd2 O-O 8. e4 dxe4 9. dxe4 Nfd7 10. Nc4 Nc5 11. Nbd2 a5 12. Qe2 Nc6 13. c3 Qd3 14. e5 Rad8 15. f4 f6 16. e6 f5 17. Qxd3 Nxd3 18. Re2 a4 19. Rb1 Rb8 20. Kf1 Rfd8 21. Kg1 b5 22. Na3 Na5 23. Bxb7 Rxb7 24. Nf3 Nxc1 25. Rxc1 c5 26. Nc2 Nc4 27. Ne3 Nxe3 28. Rxe3 Rb6 29. Rc2 Rdd6 30. Rce2 Bf6 31. h3 h6 32. g4 Kf8 33. g5 hxg5 34. fxg5 Bh8 35. Nh4 Kg7 36. Kg2 Kh7 37. Nf3 Bg7 38. h4 b4 39. cxb4 cxb4 40. b3 axb3 41. axb3 Ra6 42. Kg3 Ra3 43. Rh2 Bc3 44. h5 gxh5 45. Rxh5+ Kg6 46. Rh6+ Kg7 47. Nh4 Rd5 48. Rg6+ Kh7 49. Rh6+ Kg7 50. Rf3 Be1+ 51. Kh3 Bxh4 52. Rxh4 Ra1 53. Rxb4 Rg1 54. Rb7 Kf8 55. Rb8+ Kg7 56. Re8 Rxg5 57. Rxe7+ Kf6 58. Re8 Re5 59. b4 Rxe6 60. Rxe6+ Kxe6 61. Rg3 Rxg3+ 62. Kxg3 Kd5 63. Kf4 Kc4 64. Kxf5 Kxb4 1/2-1/2


[Site "https://www.chess.com"]

[Event "Titled Tuesday Blitz February 07 Early 2023"]
[White "Averjanov, Alexey"]
[Black "Lobanov, Sergei"]
[WhiteFideId "14109867"]
[BlackFideId "24183750"]
[WhiteElo "2399"]
[BlackElo "2536"]
[Result "0-1"]
[Round "08"]
[TimeControl "180+2"]
[Date "2023.02.07"]
[WhiteClock "0:00:01"]
[BlackClock "0:00:09"]

1. d4 Nf6 2. c4 e6 3. Nf3 d5 4. e3 Be7 5. Nbd2 O-O 6. Bd3 c5 7. b3 Nc6 8. Bb2 cxd4 9. exd4 b6 10. O-O Bb7 11. Qe2 Bd6 12. Rac1 Qe7 13. Rfd1 Rac8 14. Ne5 Ba3 15. Ndf3 Bxb2 16. Qxb2 Nxe5 17. Nxe5 Rfd8 18. f3 Qd6 19. Bf1 Nd7 20. Ng4 h5 21. Ne3 Qf4 22. Qf2 dxc4 23. bxc4 Nf6 24. Qd2 Bc6 25. Bd3 Ba4 26. Bc2 Bxc2 27. Rxc2 Rd7 28. Rc3 h4 29. Rd3 g6 30. h3 Kg7 31. d5 exd5 32. Nxd5 Qxd2 33. R1xd2 Rxc4 34. Nxf6 Rxd3 35. Rxd3 Kxf6 36. Rd7 Ra4 37. Rd2 Ra3 38. Kf2 Ke5 39. g3 hxg3+ 40. Kxg3 g5 41. Kg4 f6 42. Re2+ Kd5 43. Rd2+ Kc6 44. f4 Ra4 45. Rf2 gxf4 46. Rxf4 Rxa2 47. h4 Rh2 48. Kf5 a5 0-1


[Site "https://www.chess.com"]

[Event "Titled Tuesday Blitz February 07 Early 2023"]
[White "tuschessCM1"]
[Black "Kosakowski, Jakub"]
[BlackFideId "1185080"]
[WhiteElo "2638"]
[BlackElo "2485"]
[Result "0-1"]
[Round "08"]
[TimeControl "180+2"]
[Date "2023.02.07"]
[WhiteClock "0:00:28"]
[BlackClock "0:01:36"]

1. c4 e5 2. g3 c6 3. Nf3 e4 4. Nd4 d5 5. cxd5 Qxd5 6. Nc2 Nf6 7. Nc3 Qe5 8. Bg2 Na6 9. O-O Be7 10. d4 exd3 11. Qxd3 Bf5 12. e4 Nc5 13. Qe3 Ncxe4 14. Re1 Bc5 15. Qe2 O-O 16. Bf4 Qe6 17. Nxe4 Nxe4 18. Bxe4 Rfe8 19. Bxf5 Qxe2 20. Rxe2 Rxe2 21. Rf1 Rd8 22. b4 Bb6 23. Ne3 Rxa2 24. Nc4 g6 0-1


[Site "https://www.chess.com"]

[Event "Titled Tuesday Blitz February 07 Early 2023"]
[White "Janaszak, Dawid"]
[Black "Kukhmazov, Arsen"]
[WhiteFideId "1119206"]
[BlackFideId "24108260"]
[WhiteElo "2316"]
[BlackElo "2512"]
[Result "0-1"]
[Round "08"]
[TimeControl "180+2"]
[Date "2023.02.07"]
[WhiteClock "0:00:01"]
[BlackClock "0:00:07"]

1. e4 e5 2. Nf3 Nc6 3. d4 exd4 4. Nxd4 Nf6 5. Nxc6 bxc6 6. e5 Qe7 7. Qe2 Nd5 8. h4 f6 9. c4 Ba6 10. Rh3 fxe5 11. Ra3 Nb4 12. Bg5 Qe6 13. Rc3 c5 14. Qf3 Nc6 15. Na3 Rb8 16. O-O-O Nd4 17. Qe4 Bb7 18. Qe1 Bd6 19. Nb5 a6 20. Nxd6+ cxd6 21. f3 O-O 22. Bd3 Bc6 23. h5 a5 24. Qh4 a4 25. h6 g6 26. Kb1 d5 27. Rdc1 d6 28. Bd2 dxc4 29. Bxc4 Bd5 30. Qg5 Bxc4 31. Rxc4 a3 32. b3 e4 33. Qe3 Rfe8 34. fxe4 Qxe4+ 35. Qxe4 Rxe4 36. Ra4 Re2 37. Bc3 Nb5 38. Ba1 Rxg2 39. Re4 Rf2 40. Rce1 Rbf8 41. Re7 R2f7 42. R7e6 Rf1 43. Kc2 Rxe1 44. Rxe1 Kf7 45. Bg7 Re8 46. Rf1+ Ke6 47. Kd3 Kd5 48. Rf7 Ke6 49. Rb7 Nd4 50. Ra7 Nc6 51. Rxa3 Kd5 0-1


[Site "https://www.chess.com"]

[Event "Titled Tuesday Blitz February 07 Early 2023"]
[White "Fier, Alexandr"]
[Black "Podetti, Davide"]
[WhiteFideId "2107139"]
[BlackFideId "893617"]
[WhiteElo "2589"]
[BlackElo "2281"]
[Result "1-0"]
[Round "08"]
[TimeControl "180+2"]
[Date "2023.02.07"]
[WhiteClock "0:02:30"]
[BlackClock "0:00:42"]

1. d4 Nf6 2. Bg5 e6 3. e4 h6 4. Bxf6 Qxf6 5. c3 d6 6. Bd3 g6 7. Ne2 Bg7 8. O-O Qe7 9. f4 f5 10. e5 O-O 11. Nd2 c5 12. Nf3 Nc6 13. h3 Bd7 14. Qe1 Rad8 15. Rd1 Bc8 16. Kh2 dxe5 17. dxe5 g5 18. Qg3 gxf4 19. Nxf4 Rf7 20. Bb5 Rxd1 21. Rxd1 Qc7 22. Bxc6 Qxc6 23. Nh5 Bd7 24. Qg6 f4 25. Nf6+ Kf8 26. Rxd7 1-0


[Site "https://www.chess.com"]

[Event "Titled Tuesday Blitz February 07 Early 2023"]
[White "Rakhmatullaev, Almas"]
[Black "Osmak, Yuliia"]
[WhiteFideId "14205793"]
[BlackFideId "14101602"]
[WhiteElo "2275"]
[BlackElo "2440"]
[Result "1-0"]
[Round "08"]
[TimeControl "180+2"]
[Date "2023.02.07"]
[WhiteClock "0:00:03"]
[BlackClock "0:00:04"]

1. e4 c6 2. Nf3 d5 3. Nc3 Bg4 4. h3 Bxf3 5. Qxf3 e6 6. g3 Nf6 7. d3 Nbd7 8. Bg2 Bc5 9. O-O O-O 10. Qe2 Bd4 11. Bd2 Qb6 12. Rab1 Qa6 13. Kh1 Bxc3 14. Bxc3 dxe4 15. Bxe4 Nxe4 16. Qxe4 Qxa2 17. Qg4 Qd5+ 18. f3 e5 19. Rbe1 f5 20. Qc4 Qxc4 21. dxc4 Rfe8 22. b3 b5 23. Rd1 Nb6 24. cxb5 cxb5 25. Rfe1 Rac8 26. Bxe5 Rxc2 27. f4 h5 28. Rd6 Re7 29. Rg6 Kh7 30. Rg5 g6 31. g4 fxg4 32. hxg4 h4 33. f5 gxf5 34. gxf5 Nd7 35. Rh5+ Kg8 36. Rg1+ Kf7 37. Rg7+ Ke8 38. Rh8+ Nf8 39. Rxe7+ Kxe7 40. Bg7 Nd7 41. Rxh4 Rf2 42. Rh7 Rxf5 43. Bd4+ Kd6 44. Bxa7 Rf3 45. b4 Rb3 46. Rh4 Kd5 47. Rd4+ Kc6 48. Kg2 Ne5 49. Bc5 Nc4 50. Re4 Kd5 51. Rd4+ Kc6 52. Rh4 Rd3 53. Kf2 Rd7 54. Ke2 Rd2+ 55. Ke1 Rd7 56. Rh6+ Kd5 57. Ke2 Ke5 58. Rh5+ Ke4 59. Rh6 Rd2+ 60. Ke1 Rb2 61. Rh4+ Kd3 62. Rd4+ Kc2 63. Ke2 Kc3+ 64. Kf3 Nd2+ 65. Kf4 Nc4 66. Rd8 Kb3 67. Ke4 Re2+ 68. Kf5 Rf2+ 69. Bxf2 Kxb4 70. Ke4 1-0


[Site "https://www.chess.com"]

[Event "Titled Tuesday Blitz February 07 Early 2023"]
[White "Iniyan, P"]
[Black "Gjestemoen-VonHirsch, Andre"]
[WhiteFideId "25002767"]
[BlackFideId "1539531"]
[WhiteElo "2525"]
[BlackElo "2314"]
[Result "0-1"]
[Round "08"]
[TimeControl "180+2"]
[Date "2023.02.07"]
[WhiteClock "0:00:22"]
[BlackClock "0:00:52"]

1. Nf3 Nf6 2. g3 g6 3. Bg2 Bg7 4. O-O O-O 5. d3 d5 6. c3 c6 7. Nbd2 Re8 8. e4 e5 9. Re1 Qc7 10. Qc2 a5 11. a3 a4 12. Nf1 Nbd7 13. Bg5 h6 14. Bxf6 Nxf6 15. Rad1 dxe4 16. dxe4 Be6 17. N3d2 Bf8 18. Ne3 Bc5 19. h3 Red8 20. Kh2 Rd7 21. Ndc4 Rad8 22. Rxd7 Rxd7 23. Qxa4 b5 24. Qa8+ Rd8 25. Qa5 Bd6 26. Nb6 Bc5 27. Nbc4 Bd6 28. Nb6 Rb8 29. Rd1 Ne8 30. c4 Qxb6 31. Qxb6 Rxb6 32. Rxd6 Nxd6 33. c5 Rb8 34. cxd6 Rd8 35. f4 exf4 36. gxf4 Rxd6 37. Kg3 Rd2 38. f5 gxf5 39. exf5 Bd5 40. Bxd5 cxd5 41. b4 d4 42. Nd5 Rd3+ 43. Kf4 Rxh3 44. Ke4 d3 0-1


[Site "https://www.chess.com"]

[Event "Titled Tuesday Blitz February 07 Early 2023"]
[White "Lorenzo De La Riva, Lazaro"]
[Black "Indjic, Aleksandar"]
[WhiteFideId "2268809"]
[BlackFideId "911925"]
[WhiteElo "2404"]
[BlackElo "2618"]
[Result "0-1"]
[Round "08"]
[TimeControl "180+2"]
[Date "2023.02.07"]
[WhiteClock "0:00:17"]
[BlackClock "0:00:39"]

1. d4 Nf6 2. c4 e6 3. Nc3 Bb4 4. e3 O-O 5. Bd2 b6 6. Nf3 Bb7 7. Bd3 d6 8. O-O Nbd7 9. a3 Bxc3 10. Bxc3 Ne4 11. Be1 f5 12. Nd2 Qe7 13. f3 Nxd2 14. Qxd2 e5 15. Bc2 a5 16. b3 Rae8 17. Bf2 e4 18. f4 d5 19. Rfc1 Ra8 20. Bd1 h6 21. Be2 g5 22. Bg3 Nf6 23. c5 Rf7 24. Rc2 Ba6 25. Bxa6 Rxa6 26. cxb6 Rxb6 27. fxg5 hxg5 28. Rxc7 Qe6 29. Rxf7 Kxf7 30. b4 axb4 31. axb4 Kg6 32. Be5 Ng4 33. Bg3 Qe7 34. h3 Nf6 35. Be5 Nd7 36. Ra7 Qe6 37. Qc2 Nxe5 38. dxe5 Rc6 39. Qb2 f4 40. exf4 gxf4 41. Qf2 Rc1+ 42. Kh2 Qxe5 43. Ra6+ Kh5 44. Qd2 Rb1 45. Ra2 e3 46. Qd3 f3+ 47. g3 Rb2+ 48. Kh1 Qe4 49. Qxe4 dxe4 50. Rxb2 e2 51. Rb1 f2 52. Kg2 e1=Q 0-1


[Site "https://www.chess.com"]

[Event "Titled Tuesday Blitz February 07 Early 2023"]
[White "Bok, Benjamin"]
[Black "Vlassov, Nikolai"]
[WhiteFideId "1017063"]
[BlackFideId "4103360"]
[WhiteElo "2607"]
[BlackElo "2283"]
[Result "1-0"]
[Round "08"]
[TimeControl "180+2"]
[Date "2023.02.07"]
[WhiteClock "0:00:30"]
[BlackClock "0:00:15"]

1. d4 Nf6 2. c4 Nc6 3. Nf3 e6 4. Nc3 Bb4 5. Bd2 O-O 6. Qc2 d6 7. a3 Bxc3 8. Bxc3 Qe7 9. e3 e5 10. dxe5 dxe5 11. h3 Rd8 12. Be2 e4 13. Nd2 Bf5 14. g4 Bg6 15. h4 h5 16. gxh5 Nxh5 17. Bxh5 Bxh5 18. Rg1 Qxh4 19. Qxe4 Qxe4 20. Rxg7+ Kf8 21. Nxe4 Bg6 22. Nc5 b6 23. Ne6+ fxe6 24. Rxg6 Rd6 25. Ke2 e5 26. Rg5 Re8 27. Rh1 Nd4+ 28. Bxd4 exd4 29. Rh8+ Kf7 30. Rxe8 Kxe8 31. Rd5 Rxd5 32. cxd5 dxe3 33. Kxe3 Kd7 34. Ke4 1-0


[Site "https://www.chess.com"]

[Event "Titled Tuesday Blitz February 07 Early 2023"]
[White "Ozen, Bahadir"]
[Black "Belozerov, Andrei"]
[WhiteFideId "6337058"]
[BlackFideId "4120213"]
[WhiteElo "2369"]
[BlackElo "2461"]
[Result "0-1"]
[Round "08"]
[TimeControl "180+2"]
[Date "2023.02.07"]
[WhiteClock "0:00:17"]
[BlackClock "0:01:06"]

1. g3 d5 2. Nf3 Bg4 3. Bg2 Nd7 4. h3 Bh5 5. c3 c6 6. d3 e5 7. O-O Ngf6 8. Nbd2 a5 9. Qc2 Bc5 10. b3 O-O 11. Bb2 Re8 12. e4 dxe4 13. Nxe4 Nxe4 14. dxe4 Qc7 15. a3 f6 16. Rfe1 Bf7 17. b4 Bf8 18. Rad1 Nb6 19. Nd2 Red8 20. Bc1 Rd7 21. Nb3 Nc4 22. Rxd7 Qxd7 23. Rd1 Qc7 24. Bf1 Rd8 25. Rxd8 Qxd8 26. Nd2 Nd6 27. c4 axb4 28. axb4 Qd7 29. Bb2 Be6 30. Kh2 Nf7 31. Bc3 Ng5 32. h4 Nf7 33. c5 g5 34. h5 g4 35. Nc4 Ng5 36. Ne3 Qf7 37. Kg2 Qxh5 38. Bc4 Qh3+ 0-1


[Site "https://www.chess.com"]